Map: Odyssey LE

Players

iggythefisk

  • Race: Protoss Protoss
  • Spawn Location: 5:00

gSSeY

  • Race: Protoss Protoss
  • League: Master
  • Spawn Location: 11:00

matathemyra

  • Race: Protoss Protoss

gehemon

  • Race: Protoss Protoss

VOD

Have the link to the VOD?

Description

Time

  • Played on: Nov. 20, 2017, 12:25 p.m.
  • Length: 4:49
Show
View Real Time Build Order
Export as new Build Order

iggythefisk Protoss 

Build Orders: Oracle Opening, Phoenix Opening 

Get SALT Encoding   

  12  0:00  Probe  
  13  0:13  Probe  
  14  0:20  Pylon  
  14  0:25  Probe  
  15  0:38  Probe (Chrono Boost)  
  15  0:40  Gateway  
  16  0:48  Probe (Chrono Boost)  
  17  0:52  Probe  
  17  0:54  Pylon  
  18  0:59  Assimilator  
  18  1:04  Probe  
  18  1:06  Assimilator  
  19  1:16  Gateway  
  19  1:20  Probe (Chrono Boost)  
  20  1:32  Probe (Chrono Boost)  
  21  1:36  Probe (Chrono Boost)  
  22  1:41  Cybernetics Core  
  22  1:46  Probe  
  23  1:52  Pylon  
  23  1:58  Probe  
  24  2:10  Probe (Chrono Boost)  
  25  2:18  Adept x2  
  25  2:19  Warp Gate  
  25  2:20  Probe (Chrono Boost)  
  30  2:24  Stargate  
  30  2:38  Pylon  
  30  2:45  Adept x2  
  34  3:09  Oracle (Chrono Boost)  
  34  3:12  Adept  
  39  3:13  Adept  
  41  3:27  Pylon  
  41  3:35  Phoenix  
  41  3:39  Stalker  
  43  3:43  Adept  
  43  4:01  Nexus  
  43  4:06  Phoenix  
  38  4:32  Shield Battery  
  38  4:37  Stalker  
  38  4:46  Stalker  
Show
View Real Time Build Order
Export as new Build Order

gSSeY Protoss 

Build Orders:  

Get SALT Encoding   

  12  0:00  Probe  
  13  0:13  Probe  
  14  0:19  Pylon  
  14  0:25  Probe  
  15  0:31  Probe  
  15  0:39  Probe  
  15  0:41  Gateway  
  17  0:51  Probe  
  17  0:52  Assimilator  
  18  1:02  Probe  
  19  1:05  Assimilator  
  19  1:08  Probe  
  19  1:18  Gateway, Probe  
  21  1:30  Cybernetics Core  
  21  1:32  Probe  
  22  1:39  Pylon  
  22  1:44  Probe  
  23  2:06  Stalker, Pylon  
  23  2:07  Warp Gate (Chrono Boost)  
  25  2:10  Stalker  
  27  2:26  Robotics Facility  
  27  2:29  Shield Battery  
  27  2:44  Stalker  
  27  2:45  Stalker  
  31  2:56  Gateway  
  31  3:09  Immortal  
  31  3:11  Pylon  
  34  3:59  Stalker  
  36  4:03  Stalker x2  
  40  4:11  Pylon  
  38  4:25  Stalker  
  38  4:26  Stalker  
  38  4:27  Stalker  
Show
View Real Time Build Order
Export as new Build Order

matathemyra Protoss 

Build Orders:  

Get SALT Encoding   

Show
View Real Time Build Order
Export as new Build Order

gehemon Protoss 

Build Orders:  

Get SALT Encoding   

Tags
 
Add a new tag
Caveats
  • Supply blocks, unpowered buildings, or Contaminate may cause inaccurate times.
  • Supply counts are checked every 10 seconds.